 Dungeon Crawl Stone Soup version 0.29.0-10-g45618ea6d2 (webtiles) character file.

Game seed: 15588960164866387039

15744 benadryl the Grappler (level 12, -4/115 HPs)
             Began as a Troll Earth Elementalist on Sept 1, 2022.
             Was a Follower of Ashenzari.
             Killed from afar by a bog body (28 damage)
             ... with a bolt of cold
             ... on level 3 of the Lair of Beasts.
             The game lasted 00:48:45 (13567 turns).

benadryl the Grappler (Troll Earth Elementalist)   Turns: 13567, Time: 00:48:46

Health: -4/115     AC:  7    Str: 19    XL:     12   Next: 3%
Magic:  14/17      EV: 10    Int: 15    God:    Ashenzari [*.....]
Gold:   737        SH:  0    Dex: 16    Spells: 2/19 levels left

rFire   . . .      SeeInvis .     - Unarmed
rCold   . . .      Faith    .   (no shield)
rNeg    . . .      Spirit   .   C - +0 steam dragon scales
rPois   .          Reflect  .   (helmet restricted)
rElec   .          Harm     .   (no cloak)
rCorr   .          Rampage  .   (gloves unavailable)
Will    .....                   (boots unavailable)
Stlth   ++........              (no amulet)
HPRegen 1.09/turn               f - ring of the Omniscient Sphere {Dex+6, Melee, Bglg} (curse)
MPRegen 0.15/turn               w - ring "Per Aspera Ad Scientiam" {Wiz, Melee, Bglg} (curse)

@: hasted and slowed
A: large, unfitting armour, claws 3, regeneration 1, shaggy fur 1, tough skin 1
a: Renounce Religion, Curse Item, Shatter the Chains


You were on level 3 of the Lair of Beasts.
You worshipped Ashenzari.
Ashenzari was aware of your devotion.
You visited 3 branches of the dungeon, and saw 13 of its levels.

You collected 737 gold pieces.

Inventory:

Armour
 x - a +0 robe
 C - +0 steam dragon scales (worn)
Magical Staves
 a - a staff of earth
Jewellery
 f - the cursed ring of the Omniscient Sphere (left claw) {Dex+6, Melee, Bglg}
   (You found it on level 1 of the Dungeon)

   [ring of dexterity]

   Dex:       It affects your dexterity (+6).
   It has a curse which improves the following skills: Melee Combat: Short
   Blades, Long Blades, Axes, Maces & Flails, Polearms, Staves and Unarmed
   Combat.
   Beguiling: Conjurations, Hexes and Translocations.
 w - the cursed ring "Per Aspera Ad Scientiam" (right claw) {Wiz, Melee, Bglg}
   (You found it on level 6 of the Dungeon)

   [ring of wizardry]

   It improves your spell success rate.
   It has a curse which improves the following skills: Melee Combat: Short
   Blades, Long Blades, Axes, Maces & Flails, Polearms, Staves and Unarmed
   Combat.
   Beguiling: Conjurations, Hexes and Translocations.
 z - a ring of magical power
Wands
 u - a wand of paralysis (24)
 y - a wand of iceblast (11)
 A - a wand of mindburst (16)
 B - a wand of flame (29)
 E - a wand of digging (7)
Scrolls
 b - a scroll of magic mapping
 e - a scroll of brand weapon
 g - 4 scrolls of amnesia
 h - a scroll of noise
 j - 3 scrolls of enchant weapon
 k - 2 scrolls of poison
 l - 4 scrolls of immolation
 n - a scroll of identify {@r1}
 p - a scroll of teleportation
 q - 3 scrolls of enchant armour
 v - 2 scrolls of vulnerability
Potions
 c - 2 potions of curing {@q1}
 m - a potion of brilliance
 o - 2 potions of flight
 s - 2 potions of degeneration
 t - a potion of attraction


   Skills:
 + Level 6.9 Fighting
 - Level 1.5 Dodging
 - Level 1.0 Stealth
 * Level 11.0(12.2) Unarmed Combat
 + Level 4.4 Spellcasting
 + Level 6.8 Transmutations
 + Level 8.7 Earth Magic


You had 2 spell levels left.
You knew the following spells:

 Your Spells              Type           Power      Damage    Failure   Level
a - Sandblast             Erth           58%        2d13      1%          1
b - Spider Form           Tmut/Pois      13%        N/A       5%          3
c - Petrify               Tmut/Erth      26%        N/A       2%          4
d - Passwall              Tmut/Erth      21%        N/A       1%          2
e - Slow                  Hex            12%        N/A       6%          1
f - Sting                 Tmut/Pois      52%        1d5       1%          1
g - Ignite Poison         Fire/Tmut/Pois 10%        N/A       9%          3
h - Poisonous Vapours     Pois/Air       6%         N/A       11%         2

Your spell library contained the following spells:

 Spells                   Type           Power      Damage    Failure   Level
 Ensorcelled Hibernation  Hex/Ice        6%         N/A       11%         2
 Stone Arrow              Conj/Erth      32%        3d9       3%          3
 Confusing Touch          Hex            3%         N/A       19%         3
 Gell's Gravitas          Tloc           3%         N/A       19%         3
 Teleport Other           Tloc           3%         N/A       19%         3
 Mephitic Cloud           Conj/Pois/Air  3%         N/A       21%         3
 Ozocubu's Armour         Ice            3%         N/A       21%         3
 Vampiric Draining        Necr           3%         2d6       21%         3
 Anguish                  Hex/Necr       1%         N/A       52%         4
 Olgreb's Toxic Radiance  Pois           3%         N/A       52%         4
 Freezing Cloud           Conj/Ice/Air   1%         6-21      86%         5
 Dispersal                Tloc           1%         N/A       100%        6
 Ozocubu's Refrigeration  Ice            1%         4d7       100%        7


Dungeon Overview and Level Annotations

Branches:
Dungeon (9/15)             Temple (1/1) D:7            Lair (3/5) D:8
  Swamp (0/4) Lair:3       Spider (0/4) Lair:3
    Orc: D:9-12

Altars:
Ashenzari
Cheibriados
Dithmenos
Elyvilon
Fedhas
Gozag
Hepliaklqana
Kikubaaqudgha
Makhleb
Nemelex Xobeh
Okawaru
Qazlal
Ru
Sif Muna
Trog
Uskayaw
Vehumet
Wu Jian
Xom
Yredelemnul
Zin
The Shining One

Shops:
D:4 !=   D:6 :   D:7 !

Annotations:
Lair:1 1 runed translucent door, Xixaub Eqygg's ghost, journeyman DrTm
Lair:3 1 runed translucent door


Innate Abilities, Weirdness & Mutations

You are too large for most types of armour.
You have claws for hands.
Your natural rate of healing is unusually fast.
You are covered in fur. (AC +1)
You have tough skin. (AC +1)


Message History

Press ? for a list of commands and other information.
Okay, then.
You feel yourself speed up. The yak misses you.
The yak gores you but does no damage. The yak attacks as you move away!
The yak gores you. The yak attacks as you move away!
The yak completely misses you. The yak attacks as you move away!
The yak gores you. The bog body casts a spell at you.
The bolt of cold hits you!!
* * * LOW HITPOINT WARNING * * *
The yak attacks as you move away! The yak barely misses you.
The yak attacks as you move away! The yak closely misses you.
The yak attacks as you move away! The yak gores you!
* * * LOW HITPOINT WARNING * * *
The yak is caught in a web!
You feel as though your hastened speed will last longer.
Your transformation is almost over.
The yak closely misses you.
The yak pulls away from the web.
The bog body is caught in a web!
The bog body struggles to get unstuck from the web.
You feel yourself speed up.
The yak evades a web.
As you read the scroll of teleportation, it crumbles to dust.
You feel strangely unstable. The yak completely misses you.
The yak is caught in a web!
The yak pulls away from the web.
Your surroundings suddenly seem different.
Splash!
You fall into the shallow water.
Moving in this stuff is going to be slow.
A bog body and a boulder beetle come into view.
Found a staircase to the Swamp.
The bog body points at you and mumbles some strange words.
You feel yourself slow down.
The boulder beetle curls into a ball and begins rolling!
Your transformation has ended.
Your +0 steam dragon scales unmelds from your body.
The bog body gestures at you while chanting.
The bolt of cold hits you!!
You die...

# . §~.........n#....^^
##.~♣~§§.........#...#..
#..♣§§§~........^...##^#
##.§n♣~~§§......#..^#.^#
##...§♣~§........^#YYYY..
##........##.......#######
#.......#####........#####
......○○..##
##....#..##...
#...°°..B.@# ###..##÷.....
#............# ######.....
.............# #.....
..............# ##....
............?# #....
.............# #....#÷.#
............# .....#.#.#
..........## .......###
.......


You could see a boulder beetle (rolling) and a bog body.

Vanquished Creatures
  2 two-headed ogres (D:9)
  4 death yaks (Lair:2)
  Urug (Lair:2)
  An orb spider (Lair:3)
  A black mamba (Lair:3)
  3 elephants
  Joseph (D:7)
  A torpor snail (Lair:2)
  Maggie (Lair:1)
  3 cane toads
  2 rime drakes (Lair:3)
  2 komodo dragons
  A polar bear (Lair:3)
  A hornet (D:7)
  9 blink frogs
  A wyvern (D:9)
  12 yaks
  Eustachio (D:6)
  A basilisk (Lair:2)
  A steam dragon (D:8)
  Menkaure (D:4)
  2 water moccasins
  An ice beast (D:6)
  A sky beast (D:7)
  5 black bears
  A phantom (D:5)
  7 bullfrogs
  2 scorpions
  A necrophage (D:8)
  8 wights
  An electric eel (Lair:1)
  3 hounds
  2 jellies
  A gnoll bouda (D:8)
  3 iguanas
  An orc wizard (D:6)
  5 hell rats
  Natasha (D:3)
  17 gnolls
  5 river rats (Lair:2)
  13 adders
  A shadow imp (D:7)
  2 ufetubi (D:5)
  2 worms
  2 dart slugs
  17 orcs
  8 endoplasms
  5 giant cockroaches
  8 hobgoblins
  6 jackals
  4 quokkas
  10 ball pythons
  6 bats
  3 frilled lizards
  2 goblins
  5 kobolds
  8 rats
219 creatures vanquished.

Vanquished Creatures (others)
  29 fungi
  26 plants
55 creatures vanquished.

Grand Total: 274 creatures vanquished

Notes
Turn   | Place    | Note
-------+----------+-------------------------------------------
     0 | D:1      | benadryl the Troll Earth Elementalist began the quest for
                  | the Orb.
     0 | D:1      | Reached XP level 1. HP: 16/16 MP: 1/1
   106 | D:1      | Reached skill level 1 in Unarmed Combat
   166 | D:1      | Reached XP level 2. HP: 26/26 MP: 0/2
   393 | D:1      | Reached skill level 2 in Unarmed Combat
   414 | D:1      | Reached skill level 1 in Fighting
   448 | D:1      | Reached XP level 3. HP: 33/33 MP: 3/3
   843 | D:2      | Found a faded altar of an unknown god.
   890 | D:2      | Reached XP level 4. HP: 41/41 MP: 4/4
   944 | D:2      | Reached skill level 3 in Unarmed Combat
  1528 | D:3      | Reached skill level 1 in Transmutations
  1557 | D:3      | Reached XP level 5. HP: 49/49 MP: 6/6
  1588 | D:3      | Found a radiant altar of Vehumet.
  1712 | D:3      | Found an ancient bone altar of Kikubaaqudgha.
  1712 | D:3      | Found a faded altar of an unknown god.
  1720 | D:3      | Found a glowing golden altar of the Shining One.
  1722 | D:3      | Found a basalt altar of Yredelemnul.
  1724 | D:3      | Found an opulent altar of Gozag.
  2054 | D:3      | Noticed Natasha
  2063 | D:3      | Killed Natasha
  2086 | D:3      | Found a sparkling altar of Nemelex Xobeh.
  2302 | D:4      | Noticed a black bear
  2307 | D:4      | Killed a black bear
  2308 | D:4      | Reached skill level 4 in Unarmed Combat
  2308 | D:4      | Reached XP level 6. HP: 57/57 MP: 7/7
  2340 | D:4      | Found Qaisku's Jewellery Shop.
  2506 | D:4      | Noticed Menkaure
  2509 | D:4      | Killed Menkaure
  2534 | D:4      | Reached XP level 7. HP: 57/66 MP: 9/9
  2583 | D:4      | Found Buobeant's Distillery.
  2969 | D:5      | Entered Level 5 of the Dungeon
  3413 | D:5      | Reached skill level 5 in Unarmed Combat
  3904 | D:6      | Noticed Eustachio
  3915 | D:6      | Killed Eustachio
  3916 | D:6      | Reached XP level 8. HP: 34/75 MP: 0/10
  4308 | D:6      | Reached skill level 5 in Earth Magic
  4376 | D:6      | Learned a level 3 spell: Spider Form
  4405 | D:6      | Found Ozuigi's Tremendous Tomes.
  4544 | D:7      | Learned a level 4 spell: Petrify
  4810 | D:7      | Found Molav's Distillery.
  4894 | D:7      | Noticed a hornet
  4960 | D:7      | Noticed Joseph
  4997 | D:7      | Killed Joseph
  4998 | D:7      | Reached XP level 9. HP: 28/84 MP: 8/12
  5197 | D:7      | Found a staircase to the Ecumenical Temple.
  5206 | Temple   | Entered the Ecumenical Temple
  5226 | Temple   | Became a worshipper of Ashenzari the Shackled
  5644 | D:8      | Reached skill level 6 in Unarmed Combat
  6338 | D:8      | Found a staircase to the Lair.
  6339 | D:8      | Noticed a komodo dragon
  6357 | D:8      | Killed a komodo dragon
  6358 | D:8      | Reached skill level 5 in Transmutations
  6513 | D:8      | Reached skill level 7 in Unarmed Combat
  6963 | D:9      | Reached XP level 10. HP: 63/88 MP: 13/13
  6964 | D:9      | Noticed a two-headed ogre
  6980 | D:9      | Killed a two-headed ogre
  6981 | D:9      | Reached skill level 5 in Fighting
  7313 | D:9      | Noticed a two-headed ogre
  7333 | D:9      | Killed a two-headed ogre
  7334 | D:9      | Reached skill level 8 in Unarmed Combat
  7446 | D:9      | Noticed a two-headed ogre
  7504 | Lair:1   | Entered Level 1 of the Lair of Beasts
  7597 | Lair:1   | Noticed Maggie
  7613 | Lair:1   | Killed Maggie
  7721 | Lair:1   | Found a runed translucent door.
  7726 | Lair:1   | Noticed Xixaub Eqygg's ghost (journeyman DrTm)
  7757 | Lair:1   | Noticed a cane toad
  7774 | Lair:1   | Killed a cane toad
  7858 | Lair:1   | Learned a level 2 spell: Passwall
  7860 | Lair:1   | Learned a level 1 spell: Slow
  7862 | Lair:1   | Learned a level 1 spell: Sting
  7866 | Lair:1   | Learned a level 3 spell: Ignite Poison
  8315 | Lair:2   | Noticed a torpor snail
  8560 | Lair:2   | Reached * piety under Ashenzari
  9428 | Lair:2   | Noticed a cane toad
  9440 | Lair:2   | Killed a cane toad
  9441 | Lair:2   | Reached skill level 9 in Unarmed Combat
  9521 | Lair:2   | Killed a torpor snail
  9599 | Lair:2   | Identified the +3 long sword of Devotion {antimagic, Contam
                  | rC+ Str+3 Stlth+}
  9670 | Lair:3   | Reached XP level 11. HP: 66/102 MP: 1/15
  9770 | Lair:3   | Noticed Urug
 10020 | Lair:2   | Killed Urug
 10221 | Lair:3   | Found a runed translucent door.
 10305 | Lair:3   | Learned a level 2 spell: Poisonous Vapours
 10307 | Lair:3   | Noticed a death yak
 10307 | Lair:3   | Noticed a death yak
 10308 | Lair:3   | Noticed a death yak
 10310 | Lair:3   | Noticed a death yak
 10337 | Lair:2   | Killed a death yak
 10539 | Lair:2   | Killed a death yak
 11419 | Lair:3   | Reached skill level 10 in Unarmed Combat
 11683 | Lair:2   | Killed a death yak
 12029 | Lair:2   | Killed a death yak
 13225 | Lair:3   | Found a hole to the Spider Nest.
 13225 | Lair:3   | Noticed an orb spider
 13248 | Lair:3   | Killed an orb spider
 13419 | Lair:3   | Reached XP level 12. HP: 97/115 MP: 17/17
 13549 | Lair:3   | Reached skill level 11 in Unarmed Combat
 13563 | Lair:3   | Found a staircase to the Swamp.
 13563 | Lair:3   | Noticed a boulder beetle
 13567 | Lair:3   | Killed from afar by a bog body

Illustrated notes

Levels and vault maps discovered:
D:1:      tarquinn_simple_flora_water_f, layout_loops_cross
D:2:      layout_basic, shapermc_ecumenical_altar_venn,
          kennysheep_generic_room_16
D:3:      layout_basic, overflow_temple_1_default, nicolae_vehumet_radiance,
          chequers_temple_overflow_minitemple, uniq_natasha
D:4:      layout_loops_ring, serial_shops, nicolae_diamond_shop,
          nicolae_shop_statue_plus, uniq_menkaure
D:5:      layout_gridville, serial_bayou, serial_bayou_pond_a,
          serial_bayou_ford_a, serial_bayou_lake_a, serial_bayou_pond_c,
          serial_bayou_pond_d, serial_bayou_pond_c
D:6:      layout_basic, nicolae_shop_i_like_big_books, uniq_eustachio
D:7:      layout_basic, temple_fountains, serial_shops, shop, uniq_joseph
D:8:      layout_loops_ring, david_lair_shrubbed
D:9:      layout_loops_ring
Temple:   lightli_temple_of_artemis
Lair:1:   layout_gridlike, ebering_ghost_reflecting_pool, uniq_maggie
Lair:2:   layout_regular_city, minivault_27, kennysheep_abandoned_house
Lair:3:   dreamdust_labyrinth, layout_cave_pods, skrybe_swamp_entry_bodies,
          nicolae_spider_entry_orb_guardian, grunt_megastairs_3, uniq_nergalle,
          uniq_urug

Skill      XL: |  1  2  3  4  5  6  7  8  9 10 11 12 |
---------------+-------------------------------------+-----
Unarmed Combat | 1 2 3 4 5 7 9 10 11 | 11.0
Fighting       | 1 2 3 4 5 6 |  6.9
Transmutations | 1 2 4 5 6 |  6.8
Earth Magic    | 3 4 5 6 7 8 |  8.7
Spellcasting   | 2 3 4 |  4.4
Dodging        | |  1.5
Stealth        | |  1.0

Action                   |  1- 3 |  4- 6 |  7- 9 | 10-12 || total
-------------------------+-------+-------+-------+-------++-------
Melee: Unarmed           |   113 |   145 |   313 |   186 ||   757
       Punch             |     4 |       |     5 |    13 ||    22
 Cast: Sandblast         |     1 |       |    18 |    13 ||    32
       Spider Form       |       |       |     7 |    17 ||    24
       Petrify           |       |       |    10 |    12 ||    22
       Sting             |       |       |       |    55 ||    55
       Ignite Poison     |       |       |       |    37 ||    37
       Poisonous Vapours |       |       |       |     6 ||     6
Invok: Curse Item        |       |       |       |     2 ||     2
Evoke: Wand              |       |       |       |     4 ||     4
  Use: Scroll            |       |       |    10 |    10 ||    20
       Potion            |       |       |     5 |     8 ||    13
 Stab: Sleeping          |     3 |     3 |     7 |       ||    13
       Petrified         |       |       |     4 |    29 ||    33
       Petrifying        |       |       |     2 |     1 ||     3
Armor: Robe              |    55 |    51 |    69 |       ||   175
       Skin              |       |       |     1 |     6 ||     7
       Steam dragon scal |       |       |       |    49 ||    49
Dodge: Dodged            |    44 |    62 |   199 |   177 ||   482
